 Dungeon Crawl Stone Soup version 0.21-a0-314-gb3271ec (webtiles) character file.

7441 Hasart the Carver (level 10, -1/83 HPs)
             Began as a Mummy Fighter on Sept 29, 2017.
             Was an Initiate of Gozag.
             Slain by a hound (4 damage)
             ... on level 12 of the Dungeon.
             The game lasted 00:23:47 (11349 turns).

Hasart the Carver (Mummy Fighter)                  Turns: 11349, Time: 00:23:49

Health: -1/83      AC: 17    Str: 23    XL:     10   Next: 93%
Magic:  10/10      EV: 11    Int:  9    God:    Gozag
Gold:   294        SH:  0    Dex: 11    Spells: 9/9 levels left

rFire    x . .     SeeInvis .   l - +8 great sword "Mograkedo" {protect, rN+}
rCold    + . .     Gourm    .   (shield currently unavailable)
rNeg     + + +     Faith    .   b - +0 scale mail
rPois    ∞         Spirit   .   (no helmet)
rElec    .         Reflect  .   y - +0 cloak
rCorr    .         Harm     .   B - +1 pair of gloves {Str+3}
MR       +....                  (no boots)
Stlth    ..........             (no amulet)
HPRegen  0.23/turn              j - ring of wizardry
MPRegen  0.12/turn              o - -2 ring of intelligence (curse)

@: protection aura
A: no food or potions, fire vulnerability, cold resistance 1, negative energy
resistance 3, torment resistance, unbreathing
a: Potion Petition, Call Merchant, Bribe Branch, Renounce Religion


You were on level 12 of the Dungeon.
You worshipped Gozag.
Gozag was aware of your devotion.
You were not hungry.

You visited 2 branches of the dungeon, and saw 13 of its levels.

You collected 1289 gold pieces.
You spent 266 gold pieces at shops.
You paid 729 gold pieces to Gozag.

Inventory:

Hand Weapons
 a - a +2 long sword
 l - the +8 great sword "Mograkedo" (weapon) {protect, rN+}
   (You acquired it on level 7 of the Dungeon)

   It protects the one who uses it against injury (+AC on strike).
   It protects you from negative energy.
Armour
 b - a +0 scale mail (worn)
 c - a +1 shield
 m - a +0 large shield
 y - a +0 cloak (worn)
 B - a +1 pair of gloves of strength (worn)
Jewellery
 j - a ring of wizardry (left hand)
 o - a cursed -2 ring of intelligence (right hand)
 u - a cursed -6 ring of dexterity {unknown}
 v - an uncursed ring of magical power {unknown}
 w - a cursed -3 ring of dexterity {unknown}
Wands
 g - a wand of digging (4/24)
 h - a wand of disintegration (4/24)
 i - a wand of lightning (13/15)
 p - a wand of flame (38/48)
 r - a wand of random effects (15/48)
 t - a wand of acid (8/15)
 D - a wand of random effects (22/48)
Scrolls
 d - 11 scrolls of identify
 e - 3 scrolls of teleportation
 n - a scroll of enchant weapon
 s - a scroll of enchant armour
 z - a scroll of magic mapping
Books
 k - a book of Maledictions

   Spells                             Type                      Level
   a - Corona                         Hexes                        1
   b - Ensorcelled Hibernation        Hexes/Ice                    2
   c - Confuse                        Hexes                        3
   d - Tukima's Dance                 Hexes                        3
   e - Dazzling Spray                 Conjuration/Hexes            3
 C - a book of Changes

   Spells                             Type                      Level
   a - Beastly Appendage              Transmutation                1
   b - Sticks to Snakes               Transmutation                2
   c - Spider Form                    Transmutation/Poison         3
   d - Ice Form                       Ice/Transmutation            4
   e - Blade Hands                    Transmutation                5
Miscellaneous
 x - a fan of gales


   Skills:
 + Level 9.3 Fighting
 * Level 10.5 Long Blades
 + Level 4.2 Armour
 + Level 3.1 Dodging
 + Level 4.4 Shields
 + Level 0.1 Evocations


You had 9 spell levels left.
You didn't know any spells.

Dungeon Overview and Level Annotations

Branches:
Dungeon (12/15)            Temple (1/1) D:5
   Lair: D:8-11         Orc: D:9-12

Altars:
Ashenzari
Cheibriados
Dithmenos
Elyvilon
Fedhas
Gozag
Hepliaklqana
Kikubaaqudgha
Makhleb
Nemelex Xobeh
Okawaru
Qazlal
Ru
Sif Muna
Trog
Uskayaw
Vehumet
Wu Jian
Xom
Yredelemnul
Zin
The Shining One

Shops:
D:9 [**:(?


Innate Abilities, Weirdness & Mutations

You do not eat or drink.
Your flesh is vulnerable to fire.
You are immune to poison.
Your flesh is cold resistant. (rC+)
You are immune to negative energy. (rN+++)
You are immune to unholy pain and torment.
You can survive without breathing.


Message History

The hound barely misses you.
An orc comes into view. It is wielding a flail.
The hound barely misses you. The hound bites you.
* * * LOW HITPOINT WARNING * * *
Found a stone staircase leading up.
You are no longer corroded.
The big kobold hits you but does no damage.
Found 17 gold pieces and 8 curare-tipped needles.
A hungry ghost comes into view.
The hound bites you but does no damage. The hungry ghost closely misses you.
The hungry ghost hits you. The hound misses you.
You riposte.
You slash the hound!
Your weapon exudes an aura of protection.
The hound is heavily wounded.
There is a stone staircase leading up here.
The hound barely misses you. The hungry ghost hits you. The hound bites you.
You die...
Your body crumbles into a pile of gold.

#o# #. ###.#
###### #.
#...###......
#.####.##.....$..#
#....#.$#.o.####.
#....##.#...#
#....##.oK..#
#..W.D.K#####
#.@h..#..#
#(...###.# #...##
## #.### #. #. ##


You could see a five-headed hydra, a hungry ghost, a big kobold, a hound, an orc
and a kobold.

Vanquished Creatures
  3 two-headed ogres
  The ghost of tidbits the Martial Artist, a novice DgTm (D:9)
  An ugly thing (D:9)
  A manticore (D:9)
  A troll (D:10)
  A spriggan (D:9)
  A wyvern (D:9)
  A hungry ghost (D:7)
  A water moccasin (D:6)
  4 ice beasts
  2 orc warriors
  3 sky beasts
  2 phantoms
  An ogre (D:4)
  2 centaurs (D:9)
  6 bullfrogs
  A wyvern skeleton (D:11)
  2 scorpions
  5 wights (D:8)
  3 howler monkeys
  3 crimson imps
  6 hounds
  3 bullfrog zombies
  4 jellies
  A bullfrog skeleton (D:6)
  2 centaur skeletons (D:6)
  4 orc priests
  A gnoll shaman (D:4)
  Ijyb (D:4)
  2 iguanas
  5 worker ants
  9 orc wizards
  A hound skeleton (D:10)
  A worker ant zombie (D:7)
  A howler monkey zombie (D:6)
  3 gnolls (D:4)
  7 adders
  A howler monkey skeleton (D:5)
  4 worms
  3 dart slugs
  7 leopard geckos
  27 orcs
  5 giant cockroaches
  7 goblins
  6 hobgoblins (D:2)
  18 jackals
  11 kobolds
  5 quokkas
  2 ball pythons
  2 bats
  3 frilled lizards
  7 rats
204 creatures vanquished.

Notes
Turn   | Place    | Note
-------+----------+-------------------------------------------
     0 | D:1      | Hasart the Mummy Fighter began the quest for the Orb.
     0 | D:1      | Reached XP level 1. HP: 18/18 MP: 1/1
    69 | D:1      | Reached skill level 2 in Long Blades
   106 | D:1      | Reached XP level 2. HP: 24/24 MP: 2/2
   570 | D:2      | Found a glowing silver altar of Zin.
   582 | D:2      | Reached XP level 3. HP: 24/29 MP: 3/3
   646 | D:2      | Found a bloodstained altar of Trog.
   648 | D:2      | Found a shattered altar of Ashenzari.
   649 | D:2      | Found a stormy altar of Qazlal.
   649 | D:2      | Found a sparkling altar of Nemelex Xobeh.
   650 | D:2      | Found a sacrificial altar of Ru.
   650 | D:2      | Found a basalt altar of Yredelemnul.
   650 | D:2      | Found a shimmering altar of Xom.
   651 | D:2      | Found an ornate altar of the Wu Jian Council.
  1409 | D:2      | Reached skill level 3 in Long Blades
  1409 | D:2      | Reached XP level 4. HP: 27/37 MP: 4/4
  1802 | D:3      | Noticed an ice beast
  1817 | D:3      | Killed an ice beast
  1817 | D:3      | Reached skill level 4 in Long Blades
  1817 | D:3      | Reached XP level 5. HP: 26/42 MP: 5/5
  2343 | D:4      | Noticed a phantom
  2378 | D:4      | Killed a phantom
  2378 | D:4      | Reached XP level 6. HP: 26/49 MP: 6/6
  3128 | D:4      | Reached skill level 5 in Fighting
  3128 | D:4      | Reached skill level 5 in Long Blades
  3293 | D:4      | Reached XP level 7. HP: 41/56 MP: 7/7
  4166 | D:4      | Found a shadowy altar of Dithmenos.
  4270 | D:5      | Entered Level 5 of the Dungeon
  4282 | D:5      | Noticed Ijyb
  4293 | D:4      | Killed Ijyb
  4422 | D:4      | Reached skill level 6 in Long Blades
  5010 | D:5      | Found a white marble altar of Elyvilon.
  5106 | D:5      | Reached XP level 8. HP: 19/64 MP: 8/8
  5526 | D:5      | Found a staircase to the Ecumenical Temple.
  5576 | Temple   | Entered the Ecumenical Temple
  5706 | Temple   | Became a worshipper of Gozag Ym Sagoz the Greedy
  6163 | D:6      | Reached skill level 7 in Long Blades
  6819 | D:7      | Identified a scroll of acquirement
  6820 | D:7      | Got a jewelled great sword
  6826 | D:7      | Identified the +8 great sword "Mograkedo" {protect, rN+} (You acquired it on level 7 of the Dungeon)
  7342 | D:7      | Noticed a two-headed ogre
  7347 | D:7      | Killed a two-headed ogre
  7347 | D:7      | Reached skill level 8 in Long Blades
  7347 | D:7      | Reached XP level 9. HP: 48/73 MP: 9/9
  7493 | D:7      | Found a sparkling altar of Nemelex Xobeh.
  7508 | D:7      | Found an ancient bone altar of Kikubaaqudgha.
  7853 | D:6      | Reached skill level 9 in Long Blades
  8324 | D:8      | Noticed a two-headed ogre
  8333 | D:8      | Killed a two-headed ogre
  8333 | D:8      | Reached skill level 1 in Dodging
  8835 | D:8      | Reached XP level 10. HP: 77/82 MP: 10/10
  8919 | D:8      | Found a glowing silver altar of Zin.
  8967 | D:9      | Noticed tidbits's ghost (novice DgTm)
  8976 | D:9      | Killed tidbits's ghost
  9027 | D:9      | Noticed a white ugly thing
  9047 | D:9      | Killed a white ugly thing
  9047 | D:9      | Reached skill level 10 in Long Blades
  9690 | D:9      | Found Foxeamn's Assorted Antiques.
 10093 | D:9      | Found Kumaediezu's Book Emporium.
 10117 | D:9      | Found Belel's Magic Scroll Shop.
 10121 | D:9      | Noticed a manticore
 10127 | D:9      | Killed a manticore
 10355 | D:9      | Found Wumo's Antique Weapon Boutique.
 10357 | D:9      | Bought a scroll of magic mapping for 49 gold pieces
 10369 | D:9      | Found Gablarph's General Store.
 10502 | D:9      | Bought a pair of runed gloves for 217 gold pieces
 10532 | D:10     | Entered Level 10 of the Dungeon
 10749 | D:10     | Found a shimmering altar of Xom.
 10804 | D:10     | Noticed a two-headed ogre
 10812 | D:10     | Killed a two-headed ogre
 11265 | D:11     | Noticed a brown ugly thing
 11281 | D:11     | Noticed a manticore
 11288 | D:11     | Noticed a two-headed ogre
 11288 | D:11     | Noticed a cyclops
 11300 | D:11     | Noticed a manticore
 11303 | D:12     | Found a shadowy altar of Dithmenos.
 11311 | D:12     | Noticed a five-headed hydra
 11320 | D:12     | HP: 3/83 [big kobold/short sword (2)]
 11341 | D:12     | HP: 2/83 [hound (6)]
 11349 | D:12     | Slain by a hound

Vault maps used:
D:1:      minmay_arrival_shattered_statue
D:2:      grunt_temple_overflow_open, lemuel_statue_altar
D:3:      serial_bayou_pond_a
D:4:      nicolae_dithmenos_the_darkroom
D:5:      elyvilon_altar_3, minmay_temple_entry_fiery, first_bread, uniq_ijyb
D:6:      grunt_ministairs_5
D:7:      kennysheep_mini, nemelex_diamond_rough_becter
D:8:      zin_treasury
D:9:      serial_shops, shop, shop, shop, nicolae_shop_waterfront, shop,
          the_bakery, minmay_splitting_lines, serial_bayou_pond_a
D:10:     erik_lair_dragon, basic_altar
D:12:     kennysheep_room_grid, orc_0_dummy, basic_altar,
          grunt_decor_resistance, nooodl_food_tri
Temple:   minmay_temple_curvy_loop

Skill      XL: |  1  2  3  4  5  6  7  8  9 10 |
---------------+-------------------------------+-----
Long Blades    | 2 3 4 5 6 8 9 10 | 10.5
Fighting       | 4 5 6 7 8 9 |  9.3
Dodging        | 1 3 |  3.1
Shields        | 3 4 |  4.4
Armour         | 3 4 |  4.2
Evocations     | |  0.1

Action                   |  1- 3 |  4- 6 |  7- 9 | 10-12 || total
-------------------------+-------+-------+-------+-------++-------
Melee: Long sword        |   152 |   149 |   221 |       ||   522
       Great sword       |       |       |   110 |   116 ||   226
Invok: Potion Petition   |       |       |       |     1 ||     1
       Call Merchant     |       |       |       |     1 ||     1
Evoke: Wand              |       |       |     1 |     2 ||     3
  Use: Scroll            |       |       |    10 |     6 ||    16
 Stab: Distracted        |       |       |     1 |       ||     1
Armor: Scale mail        |    60 |    38 |   114 |    56 ||   268
Dodge: Dodged            |    54 |    51 |   113 |    69 ||   287
Block: Shield            |    74 |    60 |   110 |       ||   244
       Rpst.: Long sword |    13 |    14 |    18 |       ||    45
       Great sword       |       |       |    19 |    16 ||    35

Table legend:
 A = Spawn XP
 B = Non-spawn XP
 C = Spawn XP percentage of total XP
 D = Spawn monster count
 E = Non-spawn monster count
 F = Spawn count percentage of total count
 G = Total turns spent on level
                    A         B        C        D         E        F      G
               +---------+---------+-------+---------+---------+-------+---------
         Total |       0 |   10630 |   0.0 |       0 |     204 |   0.0 | 11349
               +---------+---------+-------+---------+---------+-------+---------
           D:1 |       0 |      32 |   0.0 |       0 |      18 |   0.0 |   555
           D:2 |       0 |      80 |   0.0 |       0 |      30 |   0.0 |  1018
           D:3 |       0 |     189 |   0.0 |       0 |      17 |   0.0 |   918
           D:4 |       0 |     635 |   0.0 |       0 |      24 |   0.0 |  1991
           D:5 |       0 |     530 |   0.0 |       0 |      19 |   0.0 |  1436
           D:6 |       0 |    1026 |   0.0 |       0 |      28 |   0.0 |   876
           D:7 |       0 |    1498 |   0.0 |       0 |      21 |   0.0 |  1221
           D:8 |       0 |    1703 |   0.0 |       0 |      14 |   0.0 |  1007
           D:9 |       0 |    3314 |   0.0 |       0 |      23 |   0.0 |  1296
          D:10 |       0 |    1346 |   0.0 |       0 |       5 |   0.0 |   677
          D:11 |       0 |     275 |   0.0 |       0 |       3 |   0.0 |    94
          D:12 |       0 |       2 |   0.0 |       0 |       2 |   0.0 |    46
               +---------+---------+-------+---------+---------+-------+---------
